 Dungeon Crawl Stone Soup version 0.29-a0-275-g389c0b56f3 (webtiles) character file.

Game seed: 5470568295241701958

2566 epen the Carver (level 9, 0/74 HPs)
             Began as a Gnoll Cinder Acolyte on Mar 11, 2022.
             Was a Believer of Ignis.
             Slain by a bullfrog (7 damage)
             ... on level 6 of the Dungeon.
             The game lasted 00:11:28 (8503 turns).

epen the Carver (Gnoll Cinder Acolyte)              Turns: 8503, Time: 00:11:29

Health: 0/74       AC: 19    Str: 20    XL:     9   Next: 57%
Magic:  25/25      EV: 11    Int: 13    God:    Ignis [**....]
Gold:   284        SH:  0    Dex:  9    Spells: 13/18 levels left

rFire   + . .      SeeInvis .   t - +6 great sword of Irritation {vamp, Str+3}
rCold   + . .      Faith    .   (shield currently unavailable)
rNeg    . . .      Spirit   .   y - +4 scale mail {rC+}
rPois   .          Reflect  .   o - +0 helmet
rElec   .          Harm     .   (no cloak)
rCorr   .          Rampage  .   h - +1 pair of gloves
Will    .....                   w - +0 pair of boots
Stlth   +.........              (no amulet)
HPRegen 0.22/turn               z - +4 ring of protection
MPRegen 0.19/turn               B - ring of magical power

@: no status effects
A: fangs 1, strong nose, distributed training
a: Renounce Religion, Fiery Armour, Foxfire Swarm, Rising Flame


You were on level 6 of the Dungeon.
You worshipped Ignis.
Ignis was pleased with you.
You visited 1 branch of the dungeon, and saw 7 of its levels.
You also visited: Ossuary.

You collected 479 gold pieces.
You spent 195 gold pieces at shops.

Inventory:

Hand Weapons
 a - a -1 falchion of flaming
 l - a +3 short sword of speed
 t - the +6 great sword of Irritation (weapon) {vamp, Str+3}
   (You bought it in a shop on level 5 of the Dungeon)

   It occasionally heals its wielder for a portion of the damage dealt when it
   wounds a living foe.
   Str:       It affects your strength (+3).
Missiles
 j - 10 poisoned darts (quivered)
Armour
 b - a +0 robe
 g - a +1 ring mail of willpower
 h - a +1 pair of gloves (worn)
 o - a +0 helmet (worn)
 w - a +0 pair of boots (worn)
 y - a +4 scale mail of cold resistance (worn)
Jewellery
 z - a +4 ring of protection (left hand)
 B - a ring of magical power (right hand)
 D - a ring of resist corrosion
Wands
 k - a wand of paralysis (7)
 E - a wand of iceblast (13)
Scrolls
 c - 2 scrolls of amnesia
 i - a scroll of fear
 u - 3 scrolls of teleportation
 x - a scroll of enchant weapon
Potions
 d - 2 potions of cancellation {unknown}
 e - 2 potions of curing
 f - 2 potions of degeneration {unknown}
 m - 3 potions of might
 n - a potion of invisibility {unknown}
 p - 2 potions of mutation {unknown}
 q - 2 potions of brilliance {unknown}
 r - a potion of magic {unknown}
 s - 5 potions of flight {unknown}
 v - 3 potions of haste {unknown}
 A - 2 potions of berserk rage {unknown}
 C - 2 potions of attraction {unknown}


   Skills:
 + Level 8.0 Fighting
 + Level 4.3 Short Blades
 + Level 8.0 Long Blades
 + Level 4.3 Axes
 + Level 4.3 Maces & Flails
 + Level 4.3 Polearms
 + Level 4.3 Staves
 + Level 4.3 Slings
 + Level 4.3 Bows
 + Level 4.3 Crossbows
 + Level 4.3 Throwing
 + Level 4.3 Armour
 + Level 4.3 Dodging
 + Level 4.3 Stealth
 + Level 4.3 Shields
 + Level 4.3 Unarmed Combat
 + Level 5.2 Spellcasting
 + Level 3.6 Conjurations
 + Level 3.6 Hexes
 + Level 3.6 Summonings
 + Level 3.6 Necromancy
 + Level 3.6 Translocations
 + Level 3.6 Transmutations
 + Level 6.6 Fire Magic
 + Level 3.6 Ice Magic
 + Level 3.6 Air Magic
 + Level 3.6 Earth Magic
 + Level 3.6 Poison Magic
 + Level 4.8 Invocations
 + Level 4.3 Evocations


You had 13 spell levels left.
You knew the following spells:

 Your Spells              Type           Power      Damage    Failure   Level
a - Scorch                Fire           40%        2d7       4%          2
b - Conjure Flame         Conj/Fire      16%        6-21      19%         3

Your spell library contained the following spells:

 Spells                   Type           Power      Damage    Failure   Level
 Beastly Appendage        Tmut           24%        N/A       11%         1
 Wereblood                Tmut           12%        N/A       17%         2
 Spider Form              Tmut/Pois      12%        N/A       32%         3
 Flame Wave               Conj/Fire      16%        2d6       52%         4
 Animate Dead             Necr           6%         N/A       73%         4
 Fireball                 Conj/Fire      8%         3d6       86%         5
 Borgnjor's Vile Clutch   Necr/Erth      6%         N/A       97%         5
 Death Channel            Necr           6%         N/A       100%        6
 Starburst                Conj/Fire      8%         6d4       100%        6


Dungeon Overview and Level Annotations

Branches:
Dungeon (7/15)            Ossuary (visited)
 Temple: D:4-7

Altars:
Fedhas
Gozag
Makhleb
Nemelex Xobeh
Qazlal
Wu Jian

Shops:
D:2 *=(:!   D:3 =   D:5 (


Innate Abilities, Weirdness & Mutations

You have very sharp teeth.
Your uncanny sense of smell can sniff out nearby items.
Your experience applies equally to all skills.


Message History

You are too injured to fight recklessly!
You are too injured to fight recklessly!
You are too injured to fight recklessly!
You are too injured to fight recklessly!
The killer bee attacks as you move away!
The killer bee stings you.
The killer bee attacks as you move away!
The killer bee barely misses you.
You feel very sick. The killer bee barely misses you.
The killer bee stings you but does no damage. x2
The orc hits you but does no damage.
There is a stone staircase leading up here.
You feel very sick. The killer bee misses you.
The killer bee barely misses you. The bullfrog barely misses you.
The killer bee closely misses you.
The killer bee stings you but does no damage.
The orc hits you but does no damage. The orc closely misses you.
The orc hits you but does no damage.
You climb upwards.
You feel very sick.
There is a stone staircase leading down here.
You miss the killer bee.
You feel sick. The killer bee barely misses you. x2
The bullfrog misses you.
The killer bee stings you but does no damage.
The killer bee barely misses you. The bullfrog barely misses you.
The orc hits you but does no damage. x2
The killer bee stings you but does no damage. x2
You miss the bullfrog.
You feel sick.
The killer bee stings you but does no damage.
The killer bee closely misses you. The bullfrog hits you.
* * * LOW HITPOINT WARNING * * *
The orc barely misses you. The orc hits you with a +0 dagger.
* * * LOW HITPOINT WARNING * * *
The killer bee stings you but does no damage. x2
The bullfrog hits you!
* * * LOW HITPOINT WARNING * * *
You feel better. The killer bee closely misses you.
The killer bee barely misses you. The bullfrog hits you!
You die...

#..###.................#))##.####
#..# #..#.###..........#..##.##..
#..###..#.###..........#..##.##.#
#..#............................#
#..#.#....###.#.#.######..##.####
..................######..##.####
#................................
..........#..<..oo######..##.####
#.........#....y@.........#....##
#..#.##...#....yF................
#....##...#.......###............
..........#.......###.##..#....#.
..........................#......
.................................
..........#...............##.###.
##..###...#......#.##............
..........>......................


You could see a bullfrog, 2 killer bees and 2 orcs.

Vanquished Creatures
  Grinder (D:6)
  A steam dragon (D:6)
  Edmund (D:4)
  2 water moccasins (D:5)
  An orc warrior (D:5)
  2 black bears (D:5)
  2 sky beasts (D:5)
  An ogre (D:5)
  A centaur (D:5)
  2 phantoms (D:6)
  A necrophage (D:6)
  A bullfrog (D:6)
  4 scorpions
  A gnoll sergeant (D:6)
  2 killer bees (D:7)
  3 hounds
  A jelly (D:5)
  An orc priest (D:6)
  2 iguanas (D:4)
  8 mummies (Ossuary)
  15 gnolls
  5 adders
  2 shadow imps
  2 ufetubi (D:5)
  2 worms
  3 dart slugs
  11 orcs
  6 ball pythons
  10 bats
  9 endoplasms
  3 giant cockroaches
  2 gnoll zombies
  5 goblins
  8 hobgoblins
  4 jackals (D:2)
  2 quokkas
  3 frilled lizards
  A hobgoblin zombie (Ossuary)
  8 kobolds
  5 kobold zombies (Ossuary)
  An orc zombie (Ossuary)
  5 rats
150 creatures vanquished.

Vanquished Creatures (others)
  23 foxfires (Ossuary)
23 creatures vanquished.

Grand Total: 173 creatures vanquished

Notes
Turn   | Place    | Note
-------+----------+-------------------------------------------
     0 | D:1      | epen the Gnoll Cinder Acolyte began the quest for the Orb.
     0 | D:1      | Reached XP level 1. HP: 23/23 MP: 4/4
    91 | D:1      | Reached XP level 2. HP: 29/29 MP: 5/5
   365 | D:1      | Found a faded altar of an unknown god.
   969 | D:1      | Reached XP level 3. HP: 24/35 MP: 7/7
  1290 | D:2      | Found Miemen's Book Shop.
  1298 | D:2      | Found Itaob's Distillery.
  1317 | D:2      | Learned a level 2 spell: Scorch
  1411 | D:2      | Reached skill level 1 in Invocations
  1420 | D:2      | Reached skill level 1 in Short Blades
  1420 | D:2      | Reached skill level 1 in Axes
  1420 | D:2      | Reached skill level 1 in Maces & Flails
  1420 | D:2      | Reached skill level 1 in Polearms
  1420 | D:2      | Reached skill level 1 in Staves
  1420 | D:2      | Reached skill level 1 in Slings
  1420 | D:2      | Reached skill level 1 in Bows
  1420 | D:2      | Reached skill level 1 in Crossbows
  1420 | D:2      | Reached skill level 1 in Throwing
  1420 | D:2      | Reached skill level 1 in Armour
  1420 | D:2      | Reached skill level 1 in Dodging
  1420 | D:2      | Reached skill level 1 in Stealth
  1420 | D:2      | Reached skill level 1 in Shields
  1420 | D:2      | Reached skill level 1 in Unarmed Combat
  1420 | D:2      | Reached skill level 1 in Evocations
  1424 | D:2      | Reached XP level 4. HP: 11/41 MP: 2/8
  1957 | D:2      | Found Plog's Jewellery Shoppe.
  1962 | D:2      | Reached skill level 1 in Conjurations
  1962 | D:2      | Reached skill level 1 in Hexes
  1962 | D:2      | Reached skill level 1 in Summonings
  1962 | D:2      | Reached skill level 1 in Necromancy
  1962 | D:2      | Reached skill level 1 in Translocations
  1962 | D:2      | Reached skill level 1 in Transmutations
  1962 | D:2      | Reached skill level 1 in Ice Magic
  1962 | D:2      | Reached skill level 1 in Air Magic
  1962 | D:2      | Reached skill level 1 in Earth Magic
  1962 | D:2      | Reached skill level 1 in Poison Magic
  2133 | D:2      | Found Miczotoi's Assorted Antiques.
  2420 | D:2      | Found Nogief's Antique Weapon Shop.
  2705 | D:3      | Found Naaci's Jewellery Boutique.
  2763 | D:3      | Found an opulent altar of Gozag.
  2763 | D:3      | Found a sparkling altar of Nemelex Xobeh.
  2833 | D:3      | Reached XP level 5. HP: 47/47 MP: 9/9
  3596 | D:4      | Found a burning altar of Makhleb.
  3611 | D:4      | Found a sand-covered staircase.
  3624 | Ossuary  | Entered an ossuary
  3659 | Ossuary  | Reached XP level 6. HP: 31/53 MP: 10/10
  4482 | D:4      | Got the Reference Book on the Volcanoes
  4658 | D:4      | Learned a level 3 spell: Conjure Flame
  4843 | D:4      | Found an ornate altar of the Wu Jian Council.
  5358 | D:4      | Noticed Edmund
  5415 | D:4      | Killed Edmund
  5416 | D:4      | Reached XP level 7. HP: 23/60 MP: 1/12
  5546 | D:5      | Entered Level 5 of the Dungeon
  6542 | D:5      | Found Xeneogoh's Antique Weapon Shoppe.
  6555 | D:5      | Reached XP level 8. HP: 36/67 MP: 0/14
  6659 | D:5      | Bought a glimmering great sword for 195 gold pieces
  6659 | D:5      | Identified the +6 great sword of Irritation {vamp, Str+3}
                  | (You bought it in a shop on level 5 of the Dungeon)
  6705 | D:5      | Found a blossoming altar of Fedhas.
  7492 | D:6      | Noticed Grinder
  7572 | D:6      | Reached XP level 9. HP: 69/72 MP: 16/16
  7705 | D:6      | Killed Grinder
  7801 | D:6      | Reached skill level 5 in Spellcasting
  7834 | D:6      | Found a stormy altar of Qazlal.
  7938 | D:6      | Identified the +1 robe of the Exiled Violins {rPois rF++}
  8502 | D:6      | HP: 2/74 [bullfrog (7)]
  8503 | D:6      | Slain by a bullfrog

Illustrated notes

Levels and vault maps discovered:
D:1:      minmay_arrival_jagged, layout_loops_cross,
          chequers_ecumenical_altar_twisty
D:2:      layout_basic, serial_shops, nicolae_shop_crystal,
          nicolae_shop_crystal, nicolae_shop_trees, shop_fountains,
          nicolae_shop_stone
D:3:      layout_basic, grunt_temple_overflow_opulence, serial_shops,
          nicolae_shop_stone
D:4:      layout_loops_ring, beargit_hepliaklqana_dungeon_heroes,
          bloody_makhleb, nzn_wu_jian_contemplation, enter_ossuary_3
D:5:      wander_river, layout_basic, fedhas_altar_fruit_tree, serial_shops,
          shop, serial_park_tiny_1
D:6:      layout_basic, old_standard_altar, uniq_grinder
D:7:      layout_rooms, temple_green, kennysheep_boxes

Skill      XL: |  1  2  3  4  5  6  7  8  9 |
---------------+----------------------------+-----
Invocations    | 1 2 3 4 |  4.8
Short Blades   | 1 2 3 4 |  4.3
Axes           | 1 2 3 4 |  4.3
Maces & Flails | 1 2 3 4 |  4.3
Polearms       | 1 2 3 4 |  4.3
Staves         | 1 2 3 4 |  4.3
Slings         | 1 2 3 4 |  4.3
Bows           | 1 2 3 4 |  4.3
Crossbows      | 1 2 3 4 |  4.3
Throwing       | 1 2 3 4 |  4.3
Armour         | 1 2 3 4 |  4.3
Dodging        | 1 2 3 4 |  4.3
Stealth        | 1 2 3 4 |  4.3
Shields        | 1 2 3 4 |  4.3
Unarmed Combat | 1 2 3 4 |  4.3
Evocations     | 1 2 3 4 |  4.3
Spellcasting   | 3 4 5 |  5.2
Conjurations   | 1 2 3 |  3.6
Hexes          | 1 2 3 |  3.6
Summonings     | 1 2 3 |  3.6
Necromancy     | 1 2 3 |  3.6
Translocations | 1 2 3 |  3.6
Transmutations | 1 2 3 |  3.6
Ice Magic      | 1 2 3 |  3.6
Air Magic      | 1 2 3 |  3.6
Earth Magic    | 1 2 3 |  3.6
Poison Magic   | 1 2 3 |  3.6
Fighting       | 7 8 |  8.0
Long Blades    | 7 8 |  8.0
Fire Magic     | 6 |  6.6

Action                   |  1- 3 |  4- 6 |  7- 9 || total
-------------------------+-------+-------+-------++-------
Melee: Falchion          |    82 |       |       ||    82
       Bite              |     8 |    44 |    26 ||    78
       Punch             |     1 |     6 |     2 ||     9
       Short sword       |       |   297 |    89 ||   386
       Great sword       |       |       |   140 ||   140
 Cast: Scorch            |     3 |    14 |    18 ||    35
       Conjure Flame     |       |     3 |     8 ||    11
Invok: Fiery Armour      |       |     5 |     1 ||     6
       Foxfire Swarm     |       |     2 |       ||     2
  Use: Scroll            |       |     9 |     1 ||    10
       Potion            |       |       |     3 ||     3
 Stab: Sleeping          |       |     4 |     2 ||     6
Armor: Robe              |    27 |    53 |       ||    80
       Ring mail         |       |       |    68 ||    68
       Scale mail        |       |       |   125 ||   125
Dodge: Dodged            |    65 |   127 |   213 ||   405

Table legend: (Time is in decaauts)
 A = Elapsed time spent in this place.
 B = Non-inter-level travel time spent in this place.
 C = Inter-level travel time spent in this place.
 D = Time resting spent in this place.
 E = Time spent auto-exploring this place.
 F = Levels seen in this place.
 G = Mean time per level.
                   A        B        C        D        E       F      G
               +--------+--------+--------+--------+--------+-----+--------+
         Total |   8427 |   8168 |    259 |   2250 |   4488 |   8 | 1053.4 |
       Dungeon |   7672 |   7413 |    259 |   1871 |   4236 |   7 | 1096.0 |
       Ossuary |    755 |    755 |      0 |    379 |    252 |   1 |  755.0 |
               +--------+--------+--------+--------+--------+-----+--------+

Top non-repeatable levels by time:
     D:5: 1678 daAuts
     D:4: 1512 daAuts
     D:2: 1236 daAuts
     D:1: 1214 daAuts
     D:3: 1052 daAuts
     D:6: 956 daAuts
 Ossuary: 755 daAuts
     D:7: 21 daAuts
